 Dungeon Crawl Stone Soup version 0.31.0-9-g3a7656b989 (webtiles) character file.

Game seed: 6361473395310405616

1193 Couri the Fighter (level 8, -5/89 HPs)
             Began as an Oni Warper on Feb 6, 2024.
             Was an Initiate of Gozag.
             Engulfed by a cloud of freezing vapour (19 damage)
             ... on level 5 of the Dungeon.
             The game lasted 00:21:44 (4522 turns).

Couri the Fighter (Oni Warper)                      Turns: 4522, Time: 00:21:45

Health: -5/89      AC:  9    Str: 18    XL:     8   Next: 43%
Magic:  11/11      EV:  8    Int: 14    God:    Gozag
Gold:   354        SH:  7    Dex: 14    Spells: 12/12 levels left

rFire   . . .        G - +2 morningstar (freeze)
rCold   . . .        h - +0 kite shield
rNeg    . . .        q - +2 robe {Will+}
rPois   .            (helmet restricted)
rElec   .            (no cloak)
rCorr   .            (gloves unavailable)
SInv    .            (boots unavailable)
Will    +....        j - amulet of regeneration
Stlth   +            r - +6 ring of dexterity
HPRegen 1.14/turn    B - +4 ring of protection
MPRegen 0.12/turn

%: no passive effects
@: no status effects
A: large, unfitting armour, horns 1, tough skin 1, double potion healing,
drunken brawling
a: Renounce Religion, Potion Petition, Call Merchant, Bribe Branch


You were on level 5 of the Dungeon.
You worshipped Gozag.
Gozag was aware of your devotion.
You visited 2 branches of the dungeon, and saw 6 of its levels.

You collected 485 gold pieces.
You paid 131 gold pieces to Gozag.

Inventory:

Hand Weapons
 a - a +0 giant spiked club
 s - a +0 morningstar of protection
 C - a +0 war axe
 D - a +2 heavy flail
 G - a +2 morningstar of freezing (weapon)
 I - a +1 heavy hand axe
 J - a +0 falchion
Missiles
 d - 7 darts of dispersal (quivered)
 o - 11 poisoned darts
 z - 24 stones
Armour
 h - a +0 kite shield (worn)
 q - a +2 robe of willpower (worn)
 K - a +2 robe of positive energy
Magical Staves
 m - a staff of alchemy
 M - a staff of death
Jewellery
 j - an amulet of regeneration (around neck)
 r - a +6 ring of dexterity (left hand)
 A - a ring of see invisible
 B - a +4 ring of protection (right hand)
 F - a ring of wizardry
Wands
 e - a wand of polymorph (8)
 u - a wand of roots (5)
 v - a wand of digging (3)
Scrolls
 c - 2 scrolls of blinking
 f - a scroll of vulnerability
 g - a scroll of revelation
 k - 2 scrolls of fear
 n - a scroll of enchant armour
 p - 2 scrolls of teleportation
 t - a scroll of poison
 y - a scroll of silence
 E - a scroll of fog
 H - 3 scrolls of identify
Potions
 b - 2 potions of attraction
 i - a potion of lignification
 l - a potion of heal wounds
 w - 2 potions of curing
 x - a potion of berserk rage {unknown}
 L - a potion of brilliance {unknown}


   Skills:
 * Level 8.6 Fighting
 * Level 6.5 Maces & Flails
 - Level 1.2 Throwing
 + Level 3.3 Armour
 - Level 2.2 Dodging
 - Level 2.5 Spellcasting
 - Level 2.7 Translocations


You had 12 spell levels left.
You didn't know any spells.
Your spell library contained the following spells:

 Spells                   Type           Power      Damage    Failure   Level
 Blink                    Tloc           18%        N/A       32%         2
 Lesser Beckoning         Tloc           18%        N/A       32%         2
 Gell's Gravitas          Tloc           9%         N/A       54%         3
 Teleport Other           Tloc           9%         N/A       54%         3
 Call Canine Familiar     Summ           1%         N/A       90%         3
 Dazzling Flash           Conj/Hex       2%         N/A       90%         3
 Inner Flame              Hex/Fire       1%         N/A       90%         3
 Mephitic Cloud           Conj/Alch/Air  1%         N/A       90%         3
 Sigil of Binding         Hex            1%         N/A       90%         3
 Manifold Assault         Tloc           9%         N/A       91%         4
 Dimensional Bullseye     Hex/Tloc       2%         N/A       98%         4
 Vhi's Electric Charge    Tloc/Air       10%        N/A       98%         4
 Curse of Agony           Necr           1%         N/A       100%        5
 Irradiate                Conj/Alch      0%         3d11      100%        5
 Silence                  Hex/Air        0%         N/A       100%        5
 Ignition                 Fire           0%         3d3       100%        8


Dungeon Overview and Level Annotations

Branches:
Dungeon (5/15)             Temple (1/1) D:5

Altars:
Ashenzari
Cheibriados
Dithmenos
Fedhas
Gozag
Hepliaklqana
Kikubaaqudgha
Makhleb
Nemelex Xobeh
Qazlal
Ru
Trog
Vehumet
Wu Jian
Xom
Yredelemnul
Zin

Annotations:
D:3 2 runed translucent doors


Innate Abilities, Weirdness & Mutations

You are too large for most types of armour.
You have a pair of small horns on your head.
You have tough skin. (AC +1)
You gain doubled healing and magic from potions.
Whenever you drink a healing potion, you attack all around you.


Message History

There are no items here.
You see here a staff of death.
M - a staff of death You open the gate.
There is an open gate here.
You open the gate.
Found a burning altar of Makhleb.
You open the gate.
There is an open gate here.
Found a robe.
There is an open gate here.
As you open the gate, it creaks loudly!
Found 11 gold pieces.
Found a hazy altar of Hepliaklqana.
There is an open gate here.
There is a hazy altar of Hepliaklqana here.
You now have 354 gold pieces (gained 11).
There are no items here.
There is an open gate here.
There is an open gate here.
o - 11 poisoned darts (gained 4) Partly explored, can't reach some items.
Partly explored, can't reach some items.
There is an open door here.
Okay, then.
There is an open door here.
Press: ? - help, v - describe, . - travel A rock wall.
Press: ? - help, v - describe, . - travel, g - get item Item here: 12 gold pieces.
The floor.
Okay, then.
Okay, then.
There is an open door here.
You are engulfed in freezing vapours.
You are engulfed in freezing vapours.
You are engulfed in freezing vapours.
* * * LOW HITPOINT WARNING * * *
You are engulfed in freezing vapours.
You die...
Your body crumbles into a pile of gold.

#######################
#######################
##○○○.○○○.......=?$$!## #
##.#################### #
##....§....○○○@○○○○..## #####
#####################'#######....
...............######.........##.
[..............###......########.
.....###.#.#####.......## ##....
.....###.#.###......##.# ##..###
.....##..#.#...#.####..# #..##
........#....###.# #.## #)##
.....###...### #.# #.# #.#


There were no monsters in sight!

Vanquished Creatures
  A yak (D:4)
  Duvessa (D:5)
  A black bear (D:5)
  2 ogres
  A gnoll sergeant (D:4)
  A wight (D:4)
  Dowan (D:5)
  3 bombardier beetles
  2 hounds (D:4)
  3 orc wizards
  3 iguanas
  A sleepcap (D:5)
  5 adders
  4 gnolls
  A ribbon worm (D:3)
  4 dart slugs
  10 orcs
  9 ball pythons
  8 endoplasms
  2 giant cockroaches
  11 hobgoblins
  2 jackals (D:3)
  5 quokkas
  5 bats
  3 frilled lizards
  4 goblins
  4 kobolds
  6 rats
103 creatures vanquished.

Notes
Turn   | Place    | Note
-------+----------+-------------------------------------------
     0 | D:1      | Couri the Oni Warper began the quest for the Orb.
     0 | D:1      | Reached XP level 1. HP: 22/22 MP: 3/3
   116 | D:1      | Reached XP level 2. HP: 29/29 MP: 5/5
   200 | D:1      | Reached skill level 3 in Fighting
   554 | D:1      | Reached XP level 3. HP: 28/37 MP: 6/6
  1089 | D:2      | Reached skill level 4 in Fighting
  1195 | D:2      | Reached XP level 4. HP: 48/48 MP: 7/7
  1933 | D:3      | Found a large runed translucent door.
  1934 | D:3      | Found a large runed translucent door.
  1936 | D:3      | Found a shimmering altar of Xom.
  2231 | D:3      | Reached XP level 5. HP: 37/55 MP: 8/8
  2266 | D:2      | Reached skill level 5 in Fighting
  2282 | D:3      | Reached skill level 1 in Armour
  2467 | D:3      | Found a snail-covered altar of Cheibriados.
  3018 | D:4      | Noticed an ogre
  3029 | D:4      | Killed an ogre
  3030 | D:4      | Reached XP level 6. HP: 47/67 MP: 9/9
  3101 | D:4      | Reached skill level 6 in Fighting
  3106 | D:4      | Found a transporter.
  3109 | D:4      | Found a bloodstained altar of Trog.
  3110 | D:4      | Found a transporter.
  3113 | D:4      | Noticed a yak
  3657 | D:4      | Reached XP level 7. HP: 35/76 MP: 10/10
  3662 | D:4      | Killed a yak
  3663 | D:4      | Reached skill level 7 in Fighting
  3663 | D:4      | Reached skill level 5 in Maces & Flails
  3770 | D:5      | Entered Level 5 of the Dungeon
  3850 | D:5      | Reached XP level 8. HP: 85/88 MP: 11/11
  3990 | D:5      | Found a staircase to the Ecumenical Temple.
  4003 | Temple   | Entered the Ecumenical Temple
  4098 | Temple   | Became a worshipper of Gozag Ym Sagoz the Greedy
  4148 | D:5      | Reached skill level 8 in Fighting
  4243 | D:5      | Noticed Duvessa
  4256 | D:5      | Killed Duvessa
  4279 | D:5      | Noticed Dowan
  4300 | D:5      | Killed Dowan
  4374 | D:5      | Found a burning altar of Makhleb.
  4394 | D:5      | Found a hazy altar of Hepliaklqana.
  4522 | D:5      | Engulfed by a cloud of freezing vapour

Illustrated notes

Levels and vault maps discovered:
D:1:      lightli_molten_gateway, layout_basic, glass_columns_a
D:2:      layout_basic, minmay_misc_feat_four_crosses, kennysheep_potato
D:3:      due_chaos_kobolds, layout_loops_ring, mainiacjoe_overflow_alcove_1
D:4:      layout_rooms, gammafunk_temple_overflow_arena, minivault_1,
          kennysheep_pointless_box
D:5:      lemuel_ice_spiral_2, layout_rooms, mainiacjoe_overflow_big_doors,
          temple_fountains, uniq_duvessa
Temple:   nicolae_temple_bog_church

Skill      XL: |  1  2  3  4  5  6  7  8 |
---------------+-------------------------+-----
Fighting       | 3 4 5 6 7 8 |  8.6
Maces & Flails | 3 4 5 6 |  6.5
Armour         | 1 2 3 |  3.3
Throwing       | |  1.2
Dodging        | |  2.2
Spellcasting   | |  2.5
Translocations | |  2.7

Action                     |  1- 3 |  4- 6 |  7- 9 || total
---------------------------+-------+-------+-------++-------
  Melee: Mace              |    94 |    10 |       ||   104
         Headbutt          |     6 |    26 |    15 ||    47
         Morningstar       |       |   144 |    70 ||   214
    Use: Scroll            |       |     7 |     1 ||     8
         Potion            |       |     4 |     1 ||     5
   Stab: Sleeping          |       |     2 |       ||     2
         Distracted        |       |     1 |       ||     1
 Armour: Robe              |    70 |    92 |    53 ||   215
  Dodge: Dodged            |    37 |    49 |    29 ||   115
  Block: Kite shield       |    31 |    58 |    34 ||   123
